 Dungeon Sprint DCSS version 0.31-a0-18-gea43df2a32 (webtiles) character file.

Game seed: 17280882974159213038

394 sircluck the Grappler (level 6, 0/63 HPs)
             Began as a Troll Berserker on May 10, 2023.
             Was a Believer of Trog.
             Slain by a neqoxec (6 damage)
             ... in the Dungeon (Sprint II: "The Violet Keep of Menkaure").
             The game lasted 00:00:13 (25 turns).

sircluck the Grappler (Troll Berserker)               Turns: 25, Time: 00:00:14

Health: 0/63       AC:  3    Str: 28    XL:     6   Next: 51%
Magic:  5/5        EV: 11    Int:  3    God:    Trog [**....]
Gold:   0          SH:  0    Dex:  9    Spells: 5/5 levels left

rFire   . .          .
                       - Unarmed
rCold   . . .        (no shield)
rNeg    . . .        a - +0 animal skin
rPois   .            (helmet restricted)
rElec   .            (no cloak)
rCorr   .            (gloves unavailable)
SInv    .            (boots unavailable)
Will    .....        (no amulet)
Stlth   +            (no ring)
HPRegen 1.10/turn    (no ring)
MPRegen 0.09/turn

%: no teleportation
@: on berserk cooldown, slowed, lost intelligence, unable to read, very slow
A: large, unfitting armour, claws 3, regeneration 1, shaggy fur 1, tough skin 1,
deformed body, frail 1
a: Renounce Religion, Berserk, Trog's Hand


You were in the Dungeon.
You worshipped Trog.
Trog was pleased with you.
You visited 1 branch

Inventory:

Armour
 a - a +0 animal skin (worn)
Scrolls
 g - a scroll of blinking
Potions
 b - a potion of curing
 c - a potion of heal wounds
 d - a potion of haste
 e - 2 potions of magic
 f - a potion of berserk rage


   Skills:
 + Level 7.2 Fighting
 + Level 7.0 Dodging
 + Level 9.1 Unarmed Combat


You had 5 spell levels left.
You didn't know any spells.
Your spell library was empty.

Dungeon Overview and Level Annotations

Branches:
Dungeon (1/1)

Altars:


Innate Abilities, Weirdness & Mutations

You are too large for most types of armour.
You have claws for hands.
Your natural rate of healing is unusually fast.
You are covered in fur. (AC +1)
You have tough skin. (AC +1)
Armour fits poorly on your strangely shaped body.
You are frail. (-10% HP)


Message History

Your Dodging skill increases to level 6!
Your Unarmed Combat skill increases to level 7!
You have reached level 5!
You mangle the neqoxec!!
The neqoxec is almost dead.
You claw the neqoxec!
You kill the neqoxec!
Trog accepts your kill.
You can now call upon Trog for regeneration and willpower.
Your Fighting skill increases to level 7!
Your Dodging skill increases to level 7!
Your Unarmed Combat skill gained 2 levels and is now at level 9!
You have reached level 6!
You feel stronger.
You barely miss the neqoxec.
You are no longer berserk.
You are exhausted.
You feel yourself slow down. The neqoxec gestures at you.
Strange energies course through your body.
You mangle the neqoxec!!
The neqoxec is heavily wounded.
The neqoxec misses you.
You barely miss the neqoxec.
The neqoxec is heavily wounded.
The neqoxec barely misses you. The neqoxec gestures at you.
Something tries to feed on your intellect!
You barely miss the neqoxec.
The neqoxec is heavily wounded.
The neqoxec hits you.
* * * LOW HITPOINT WARNING * * *
You closely miss the neqoxec.
The neqoxec is heavily wounded.
The neqoxec hits you.
* * * LOW HITPOINT WARNING * * *
You claw the neqoxec!
The neqoxec is almost dead.
The neqoxec hits you.
You die...

###
##
..##.
.$.
#3#
##@##
+.<.+
##.##
#+#


You could see a neqoxec.

Vanquished Creatures
  3 neqoxecs (D)
3 creatures vanquished.

Notes
Turn   | Place    | Note
-------+----------+-------------------------------------------
     0 | D        | sircluck the Troll Berserker began the quest for the Orb.
     0 | D        | Reached XP level 1. HP: 22/22 MP: 0/0
     1 | D        | Noticed a neqoxec
     1 | D        | Noticed a neqoxec
     1 | D        | Noticed a neqoxec
     1 | D        | Noticed a neqoxec
     2 | D        | Lost intelligence.
    10 | D        | Killed a neqoxec
    10 | D        | Gained mutation: Armour fits poorly on your strangely
                  | shaped body. [a neqoxec]
    11 | D        | Reached skill level 5 in Fighting
    11 | D        | Reached skill level 5 in Dodging
    11 | D        | Reached skill level 6 in Unarmed Combat
    11 | D        | Reached XP level 2. HP: 9/35 MP: 1/1
    11 | D        | Reached XP level 3. HP: 11/42 MP: 2/2
    11 | D        | Reached XP level 4. HP: 14/50 MP: 3/3
    15 | D        | Gained mutation: You are frail. (-10% HP) [a neqoxec]
    17 | D        | Killed a neqoxec
    18 | D        | Reached skill level 7 in Unarmed Combat
    18 | D        | Reached XP level 5. HP: 6/54 MP: 4/4
    19 | D        | Killed a neqoxec
    19 | D        | Reached ** piety under Trog
    20 | D        | Reached skill level 9 in Unarmed Combat
    20 | D        | Reached XP level 6. HP: 9/63 MP: 5/5
    25 | D        | Slain by a neqoxec

Illustrated notes

Levels and vault maps discovered:
D:        the_violet_keep_of_menkaure [sprint2_stairs_cluster_1,
          sprint2_shoproom, sprint2_temple, sprint2_basic_supplies,
          sprint2_obstacle_1, sprint2_obstacle_6, sprint2_obstacle_4,
          sprint2_obstacle_2, sprint2_obstacle_3, sprint2_timed_cluster_1,
          sprint2_smallroom_cluster_1, sprint2_smallroom_final_cluster_1,
          sprint2_transparent_cluster_1, sprint2_second_timed_cluster_1,
          sprint2_sniper_area_1, sprint2_heavy_combat_area_1,
          sprint2_mutation_trap_area_1, sprint2_forest_area_1,
          sprint2_light_combat_area_1, sprint2_behind_water_1,
          sprint2_near_end_vault_1]

Skill      XL: |  1  2  3  4  5 |
---------------+----------------+-----
Fighting       | 5 6 7 |  7.2
Dodging        | 5 6 7 |  7.0
Unarmed Combat | 6 7 9 |  9.1

Action                     |  1- 3 |  4- 6 || total
---------------------------+-------+-------++-------
  Melee: Unarmed           |     7 |    15 ||    22
 Invoke: Berserk           |     1 |       ||     1
  Dodge: Dodged            |     1 |     4 ||     5

Table legend: (Time is in decaauts)
 A = Elapsed time spent in this place.
 B = Non-inter-level travel time spent in this place.
 C = Inter-level travel time spent in this place.
 D = Time resting spent in this place.
 E = Time spent auto-exploring this place.
 F = Levels seen in this place.
 G = Mean time per level.
                   A        B        C        D        E       F      G
               +--------+--------+--------+--------+--------+-----+--------+
         Total |     24 |     24 |      0 |      0 |      1 |   1 |   24.0 |
       Dungeon |     24 |     24 |      0 |      0 |      1 |   1 |   24.0 |
               +--------+--------+--------+--------+--------+-----+--------+

Top non-repeatable levels by time:
       D: 24 daAuts
